 Dungeon Crawl Stone Soup version 0.19-a0-1740-g0bcaf2e (webtiles) character file.

108 Amnesiac the Cudgeler (level 4, -2/49 HPs)
             Began as an Ogre Monk on Oct 1, 2016.
             Slain by an orc wizard
             ... wielding a +0 dagger
              (6 damage)
             ... on level 4 of the Dungeon.
             The game lasted 00:02:17 (1602 turns).

Amnesiac the Cudgeler (Ogre Monk)                   Turns: 1602, Time: 00:02:18

Health: -2/49      AC:  3    Str: 16    XL:     4   Next: 87%
Magic:  4/4        EV: 11    Int:  9    God:
Gold:   76         SH:  0    Dex: 13    Spells: 0 memorised, 3 levels left

rFire  . . .     SeeInvis .     a - +0 mace
rCold  . . .     Gourm    .     b - +0 robe
rNeg   . . .     Faith    .     (no shield)
rPois  .         Spirit   .     (helmet restricted)
rElec  .         Dismiss  .     (no cloak)
rCorr  .         Reflect  .     (gloves unavailable)
MR     +....     Harm     .     (boots unavailable)
Stlth  ++........               (no amulet)
                                (no ring)
                                f - ring of protection from magic

@: very slightly contaminated, invisible
A: unfitting armour, tough skin 1
a: no special abilities


You were on level 4 of the Dungeon.
You were not hungry.

You visited 1 branch of the dungeon, and saw 4 of its levels.

You collected 76 gold pieces.

Inventory:

Hand Weapons
 a - a +0 mace (weapon)
Armour
 b - a +0 robe (worn)
Jewellery
 f - a ring of protection from magic (left hand)
 g - an uncursed ring of poison resistance {unknown}
Scrolls
 e - 2 scrolls of magic mapping {unknown}
 j - a scroll of identify {unknown}
Potions
 i - 2 potions of invisibility
Comestibles
 c - a bread ration
 d - 2 meat rations
 k - 2 chunks of flesh


   Skills:
 + Level 4.9 Fighting
 * Level 5.9 Maces & Flails
 + Level 3.3 Dodging
 - Level 1.5 Stealth


You had 3 spell levels left.
You didn't know any spells.

Dungeon Overview and Level Annotations

Branches:
Dungeon (4/15)
 Temple: D:4-7

Altars:
Makhleb
Nemelex Xobeh

Annotations:
D:3 exclusion: orc, Grinder


Innate Abilities, Weirdness & Mutations

You are too large for most types of armour.
You have tough skin. (AC +1)


Message History

You fade into invisibility!
The orc wizard barely misses you.
You are very lightly contaminated with residual magic.
It was a potion of cure mutation.
It has a very clean taste.
The orc wizard hits you but does no damage. x2
You hit the orc wizard.
The orc wizard is moderately wounded.
The orc wizard barely misses you.
The orc wizard hits you but does no damage.
You closely miss the orc wizard.
The orc wizard is moderately wounded.
The orc wizard barely misses you.
You barely miss the orc wizard.
The orc wizard is moderately wounded.
The orc wizard completely misses you. The orc wizard hits you with a dagger.
* * * LOW HITPOINT WARNING * * *
You closely miss the orc wizard.
The orc wizard is moderately wounded.
The orc wizard hits you with a dagger.
You die...

##......####.J.
#..#.#.# #.?
###..#.# #..
oo.......#o# #..
.o.....###.# #.#
#o..$.. #.# #.#
#...... #.# #.#
#...... #.# #.#
#...... #.# #@#
#......###.####o#
......o....oo#
#######...o###
##....# #.#..#
#.#..# #.#### #..


You could see an orc priest, an orc wizard and 2 orcs.

Vanquished Creatures
  A hound (D:4)
  An orc wizard (D:4)
  A gnoll (D:3)
  3 worms (D:3)
  2 dart slugs
  3 bats
  2 giant cockroaches (D:1)
  4 hobgoblins (D:3)
  2 jackals (D:3)
  2 quokkas (D:3)
  2 frilled lizards
  4 kobolds (D:3)
  3 rats
30 creatures vanquished.

Notes
Turn   | Place    | Note
-------+----------+-------------------------------------------
     0 | D:1      | Amnesiac the Ogre Monk began the quest for the Orb.
     0 | D:1      | Reached XP level 1. HP: 24/24 MP: 1/1
    80 | D:1      | Reached XP level 2. HP: 30/32 MP: 2/2
   483 | D:3      | Noticed Grinder
   487 | D:3      | Found a sparkling altar of Nemelex Xobeh.
   675 | D:3      | Reached XP level 3. HP: 31/40 MP: 3/3
   896 | D:3      | Found a faded altar of an unknown god.
   922 | D:3      | Reached skill level 5 in Maces & Flails
  1424 | D:4      | Found a burning altar of Makhleb.
  1434 | D:4      | Reached XP level 4. HP: 31/49 MP: 4/4
  1602 | D:4      | Slain by an orc wizard

Vault maps used:
D:1:      dpeg_arrival_radiant
D:2:      first_bread, minmay_misc_feat_x, grunt_ministairs_3,
          serial_bayou_lagoon_a, uniq_robin
D:3:      old_standard_altar, nicolae_overflow_hidden_temple,
          ecumenical_altar_2, hangedman_abyss_or_decor_lesser_grid,
          minmay_bisected, uniq_grinder
D:4:      lemuel_coloured_pillars_altar, makhleb_heckhound_becter

Skill      XL: |  1  2  3 |
---------------+----------+-----
Dodging        | 3 |  3.3
Maces & Flails | 5 |  5.9
Fighting       | |  4.9
Stealth        | |  1.5

Action                   |  1- 3 |  4- 6 || total
-------------------------+-------+-------++-------
Melee: Mace              |   115 |    21 ||   136
  Use: Potion            |       |     2 ||     2
 Stab: Sleeping          |     2 |       ||     2
  Eat: Chunk             |     1 |     1 ||     2
Armor: Robe              |    28 |     4 ||    32
Dodge: Dodged            |    41 |    14 ||    55
